 Dungeon Crawl Stone Soup version 0.31.0-9-g3a7656b989 (webtiles) character file.

Game seed: 217497748441764895

291 qw the Shooter (level 6, -5/30 HPs)
             Began as a Spriggan Hunter on Feb 2, 2024.
             Slain by an orc
             ... wielding a +0 flail
              (6 damage)
             ... on level 4 of the Dungeon.
             The game lasted 00:00:11 (2944 turns).

qw the Shooter (Spriggan Hunter)                    Turns: 2944, Time: 00:00:11

Health: -5/30      AC:  2    Str:  7    XL:     6   Next: 10%
Magic:  0/7        EV: 21    Int: 10    God:
Gold:   166        SH:  0    Dex: 21    Spells: 5/5 levels left

rFire   . . .        a - +1 shortbow
rCold   . . .        (shield currently unavailable)
rNeg    . . .        c - +0 robe
rPois   .            (helmet restricted)
rElec   .            (no cloak)
rCorr   .            (gloves unavailable)
SInv    +            (boots unavailable)
Will    +....        g - amulet of guardian spirit
Stlth   ++           (no ring)
HPRegen 0.25/turn    (no ring)
MPRegen 0.10/turn

%: guardian spirit
@: very quick
A: very small, no large weapons, unfitting armour, see invisible, speed 3
a: no special abilities


You were on level 4 of the Dungeon.
You visited 1 branch of the dungeon, and saw 4 of its levels.

You collected 166 gold pieces.


Innate Abilities, Weirdness & Mutations

You are very small and have problems with some larger weapons.
You are too small for most types of armour.
You have supernaturally acute eyesight. (SInv)
You cover ground extremely quickly. (Speed+++)


   Skills:
 - Level 2.0 Fighting
 - Level 6.0 Ranged Weapons
 + Level 5.9 Dodging
 - Level 1.5 Stealth


You had 5 spell levels left.
You didn't know any spells.
Your spell library was empty.

Inventory:

Hand Weapons
 a - a +1 shortbow (weapon)
Armour
 c - a +0 robe (worn)
Jewellery
 g - an amulet of guardian spirit (around neck)
Wands
 b - a wand of paralysis (17)
Scrolls
 d - 2 scrolls of identify
 e - a scroll of blinking {unknown}
Potions
 i - 2 potions of curing

Dungeon Overview and Level Annotations

Branches:
Dungeon (4/15)
 Temple: D:4-7

Altars:
Gozag
Sif Muna


Message History

The orc throws a boomerang.
The boomerang barely misses you.
The orc wizard gestures wildly while chanting.
The orc wizard flickers and vanishes for a moment.
The orc misses you. x2
The orc hits you with a +2 short sword of holy wrath.
A quokka comes into view.
The orc throws a boomerang.
The boomerang misses you.
You shoot an arrow. The arrow barely misses the orc.
The orc closely misses you. The orc hits you with a +0 mace.
You shoot an arrow. The arrow hits the orc.
The orc is severely wounded.
You hear a shout!
The orc throws a boomerang.
The boomerang hits you. The orc closely misses you.
You shoot an arrow. The arrow hits the orc.
The orc is almost dead.
The orc closely misses you.
An orc comes into view. It is wielding a +0 morningstar.
The orc misses you. The orc completely misses you.
You shoot an arrow.
The arrow hits the orc but does no damage.
The orc is almost dead.
The orc closely misses you. The orc hits you with a +0 mace.
The orc completely misses you.
You shoot an arrow.
The arrow hits the orc but does no damage.
The orc is almost dead.
You hear a shout!
The orc barely misses you. The orc hits you with a +0 mace.
The orc completely misses you.
You shoot an arrow. The arrow barely misses the orc.
The orc completely misses you.
A hobgoblin comes into view.
The orc closely misses you. The orc wizard casts a spell at you.
The puff of flame hits you!
You shoot an arrow. The arrow hits the orc!
You kill the orc!
The orc wizard closely misses you. The orc hits you with a +0 mace.
The orc hits you with a +0 flail.
You die...

#.#.# ..#.#.# #
..#.#.# # ..#.#.# #
#.#.#.# # #r#.#.#
#######
#o#.#.#############
#~~~~~##
#.#o#o..%<..........#
~~~~~~~#
#go@$..###########.#
~~...~~# ##)##### #.#
..._.~~# #o#
########.# ~~...~~#
#)# #........#
~~~~~~~# #.
#.######## #~~~~~## #
#.# ####### #.# #.#
#.# #.# #.#


You could see an orc wizard (invisible), 4 orcs, a quokka and a hobgoblin.

Vanquished Creatures
  A hound (D:4)
  An orc wizard (D:4)
  Ijyb (D:3)
  3 gnolls (D:3)
  5 adders
  5 dart slugs
  11 orcs (D:4)
  6 bats
  5 endoplasms
  3 giant cockroaches
  16 goblins
  12 hobgoblins
  4 jackals (D:1)
  12 kobolds
  7 quokkas
  6 ball pythons
  5 frilled lizards
  6 rats
109 creatures vanquished.

Notes
Turn   | Place    | Note
-------+----------+-------------------------------------------
     0 | D:1      | qw the Spriggan Hunter began the quest for the Orb.
     0 | D:1      | Reached XP level 1. HP: 10/10 MP: 2/2
     0 | D:1      | 0 ||| qw: Version: 0.3-a-155-g5e7d8dd
     0 | D:1      | 0 ||| qw: Game counter: 1064
     0 | D:1      | 0 ||| qw: Melee chars always use a shield: true
     0 | D:1      | 0 ||| qw: God list: Okawaru
     0 | D:1      | 0 ||| qw: Allow faded altars: false
     0 | D:1      | 0 ||| qw: Do Orc after clearing Dungeon:15 true
     0 | D:1      | 0 ||| qw: Do second Lair branch before Depths: true
     0 | D:1      | 0 ||| qw: Lair rune preference: random
     0 | D:1      | 0 ||| qw: Goals: Normal
     0 | D:1      | 0 ||| PLANNING D:1-11
    17 | D:1      | Reached skill level 3 in Dodging
   106 | D:1      | Reached XP level 2. HP: 14/14 MP: 3/3
   423 | D:1      | Reached XP level 3. HP: 18/18 MP: 4/4
   951 | D:1      | 951 ||| UPGRADING to amulet of guardian spirit.
   956 | D:1      | 956 ||| READING scroll labelled UPLITI BETS.
  1057 | D:1      | 1057 ||| READING 3 scrolls labelled MUESUINKATT.
  1057 | D:1      | 1057 ||| IDENTIFYING murky emerald potion
  1058 | D:1      | 1058 ||| READING 2 scrolls of identify.
  1058 | D:1      | 1058 ||| IDENTIFYING silvery potion
  1059 | D:1      | 1059 ||| READING scroll of identify.
  1059 | D:1      | 1059 ||| IDENTIFYING golden potion
  1060 | D:1      | 1060 ||| READING scroll labelled XOSIURHIHIY.
  1161 | D:1      | 1161 ||| DROPPING scroll of butterflies.
  1162 | D:1      | 1162 ||| DROPPING potion of lignification.
  1163 | D:1      | 1163 ||| DROPPING potion of brilliance.
  1432 | D:2      | Reached skill level 5 in Ranged Weapons
  1466 | D:2      | Reached XP level 4. HP: 22/22 MP: 5/5
  1824 | D:2      | 1824 ||| READING 2 scrolls of identify.
  1824 | D:2      | 1824 ||| IDENTIFYING scroll labelled NAILLA TUWEOVI
  1825 | D:2      | 1825 ||| READING scroll of identify.
  1825 | D:2      | 1825 ||| IDENTIFYING scroll labelled CEONEO TEECRO
  1826 | D:2      | 1826 ||| READING scroll of enchant weapon.
  1826 | D:2      | 1826 ||| ENCHANTING +0 shortbow.
  1827 | D:2      | 1827 ||| READING scroll labelled UDDIFE LAOTT.
  1860 | D:2      | 1860 ||| DROPPING scroll of fear.
  1932 | D:3      | Found an opulent altar of Gozag.
  2078 | D:3      | Reached XP level 5. HP: 26/26 MP: 6/6
  2133 | D:3      | Found a faded altar of an unknown god.
  2402 | D:3      | Noticed Ijyb
  2423 | D:3      | Killed Ijyb
  2508 | D:3      | 2508 ||| READING scroll labelled EPAIME LUIFFAI.
  2675 | D:4      | Reached skill level 6 in Ranged Weapons
  2724 | D:4      | Found a shimmering blue altar of Sif Muna.
  2811 | D:4      | Reached XP level 6. HP: 30/30 MP: 7/7
  2943 | D:4      | HP: 5/30 [orc wizard/puff of flame (9)]
  2944 | D:4      | HP: 1/30 [orc/+0 mace (5)]
  2944 | D:4      | Slain by an orc

Levels and vault maps discovered:
D:1:      dpeg_arrival_rhombus, layout_loops_corners, minmay_heptomino_w4
D:2:      minmay_chambers_of_twos, layout_loops_cross
D:3:      kennysheep_the_goblin_king, layout_rooms, overflow_temple_1_default,
          shapermc_ecumenical_altar_pompeii
D:4:      layout_loops_ring, led_sif_pool

Skill      XL: |  1  2  3  4  5 |
---------------+----------------+-----
Dodging        | 3 4 5 |  5.9
Ranged Weapons | 5 6 |  6.0
Fighting       | 2 |  2.0
Stealth        | |  1.5

Action                     |  1- 3 |  4- 6 || total
---------------------------+-------+-------++-------
   Fire: Shortbow          |   108 |   207 ||   315
    Use: Scroll            |     5 |     5 ||    10
 Armour: Robe              |     8 |    33 ||    41
  Dodge: Dodged            |    31 |   116 ||   147

Table legend:
 A = Non-vault XP
 B = Vault XP
 C = Vault XP percentage of total XP
 D = Non-vault monster count
 E = Vault monster count
 F = Vault count percentage of total count
                 A         B        C        D         E       F
            +---------+---------+-------+---------+---------+-------
      Total |     334 |      86 |  20.5 |      88 |      21 |  19.3
            +---------+---------+-------+---------+---------+-------
        D:1 |      47 |      13 |  21.7 |      26 |       6 |  18.8
        D:2 |      43 |      26 |  37.7 |      17 |       8 |  32.0
        D:3 |      97 |      47 |  32.6 |      21 |       7 |  25.0
        D:4 |     147 |       0 |   0.0 |      24 |       0 |   0.0
            +---------+---------+-------+---------+---------+-------
